 Dungeon Crawl Stone Soup version 0.27.1-33-g824d729ab1 (webtiles) character file.

Game seed: 5113105529253879186

5021 jlumianski the Nimble (level 10, -4/79 (82) HPs)
             Began as a Gnoll Monk on Dec 20, 2021.
             Was the Champion of Uskayaw.
             Slain by a cyclops (13 damage)
             ... on level 8 of the Dungeon.
             The game lasted 00:31:43 (7963 turns).

jlumianski the Nimble (Gnoll Monk)                  Turns: 7963, Time: 00:31:46

HP:   -4/79 (82)    AC: 18    Str: 13    XL:     10   Next: 55%
MP:   15/18         EV: 14    Int: 11    God:    Uskayaw [******]
Gold: 277           SH:  0    Dex: 20    Spells: 18/19 levels left

rFire    . . .     SeeInvis .   a - +0 hand axe (elec)
rCold    . . .     Faith    .   (no shield)
rNeg     . . .     Spirit   .   J - +3 scale mail
rPois    .         Reflect  .   m - +0 helmet
rElec    .         Harm     .   (no cloak)
rCorr    .         Rampage  .   P - +0 pair of gloves
Will     .....                  Q - +0 pair of boots
Stlth    ++........             j - amulet of regeneration
HPRegen  1.23/turn              n - +6 ring of dexterity
MPRegen  0.16/turn              A - +4 ring of protection

@: about to teleport, lightly drained
A: fangs 1, strong nose, distributed training
a: Renounce Religion, Stomp, Line Pass, Grand Finale


You were on level 8 of the Dungeon.
You worshipped Uskayaw.
Uskayaw was noncommittal.
You visited 1 branch of the dungeon, and saw 8 of its levels.

You collected 277 gold pieces.

Inventory:

Hand Weapons
 a - a +0 hand axe of electrocution (weapon)
 v - a +2 short sword of electrocution
 w - the +4 dire flail of Midnight {drain, rC++}
   (You took it off an ogre on level 3 of the Dungeon)

   A truly terrible weapon, it drains the life of any living foe it strikes.
   rC:        It greatly protects you from cold.
 B - a +0 scimitar
 K - a +1 whip of venom
 M - a +0 arbalest
 N - a +1 morningstar of flaming
Missiles
 f - 16 poisoned darts (quivered)
 h - 169 stones
 t - 4 throwing nets
 u - 14 curare-tipped darts
 z - 28 sling bullets
 C - 23 bolts
Armour
 b - a +0 robe
 i - a +0 ring mail
 l - a +0 scale mail
 m - a +0 helmet (worn)
 J - a +3 scale mail (worn)
 O - +0 steam dragon scales
 P - a +0 pair of gloves (worn)
 Q - a +0 pair of boots (worn)
Jewellery
 j - an amulet of regeneration (around neck)
 n - a +6 ring of dexterity (left hand)
 A - a +4 ring of protection (right hand)
Wands
 o - a wand of polymorph (7)
 p - a wand of charming (6)
 I - a wand of mindburst (10)
Scrolls
 d - a scroll of holy word
 s - a scroll of teleportation
 x - 2 scrolls of amnesia
 y - a scroll of brand weapon
 D - 2 scrolls of fog
 G - a scroll of identify
 H - a scroll of immolation
 L - a scroll of blinking {unknown}
Potions
 c - a potion of flight
 e - 5 potions of curing
 g - a potion of brilliance
 k - 2 potions of lignification
 q - a potion of might
 r - a potion of magic
 E - 2 potions of invisibility
 F - a potion of degeneration


   Skills:
 + Level 8.6 Fighting
 + Level 5.4 Short Blades
 + Level 5.4 Long Blades
 + Level 8.6 Axes
 + Level 5.4 Maces & Flails
 + Level 5.4 Polearms
 + Level 5.4 Staves
 + Level 5.4 Slings
 + Level 5.4 Bows
 + Level 5.4 Crossbows
 + Level 5.4 Throwing
 + Level 5.4 Armour
 + Level 8.6 Dodging
 + Level 6.9 Stealth
 + Level 5.4 Shields
 + Level 5.4 Unarmed Combat
 + Level 5.4 Spellcasting
 + Level 4.4 Conjurations
 + Level 4.4 Hexes
 + Level 4.4 Summonings
 + Level 4.4 Necromancy
 + Level 4.4 Translocations
 + Level 4.4 Transmutations
 + Level 4.4 Fire Magic
 + Level 4.4 Ice Magic
 + Level 4.4 Air Magic
 + Level 4.4 Earth Magic
 + Level 4.4 Poison Magic
 + Level 5.9 Invocations
 + Level 5.4 Evocations


You had 18 spell levels left.
You knew the following spells:

 Your Spells              Type           Power      Damage    Failure   Level
a - Pain                  Necr           48%        1d6       14%         1

Your spell library contained the following spells:

 Spells                   Type           Power      Damage    Failure   Level
 Animate Skeleton         Necr           24%        N/A       14%         1
 Gell's Gravitas          Tloc           6%         N/A       38%         3
 Lesser Beckoning         Tloc           6%         N/A       38%         3
 Teleport Other           Tloc           12%        N/A       38%         3
 Vampiric Draining        Necr           6%         2d6       38%         3
 Dispersal                Tloc           6%         N/A       100%        6


Dungeon Overview and Level Annotations

Branches:
Dungeon (8/15)             Temple (0/1) D:5
   Lair: D:8-11

Altars:
Cheibriados
Hepliaklqana
Kikubaaqudgha
Sif Muna
Uskayaw
Wu Jian
Yredelemnul


Innate Abilities, Weirdness & Mutations

You have very sharp teeth.
Your uncanny sense of smell can sniff out nearby items.
Your experience applies equally to all skills.


Message History

The large rock closely misses the gnoll.
The gnoll hits you but does no damage. x2
A gnoll sergeant comes into view. It is wielding a +0 vorpal spear.
You barely miss the gnoll. You closely miss the gnoll.
The gnoll closely misses you. x2
The wight hits you from afar with a +3 trident.
You feel drained. The wight closely misses you.
You slash the gnoll!
The gnoll is heavily wounded.
You closely miss the gnoll. The gnoll barely misses you.
A gnoll comes into view. It is wielding a +0 flail.
The gnoll closely misses you. The gnoll barely misses you.
The wight hits you from afar with a +3 halberd of freezing.
The wight freezes you.
A gnoll comes into view. It is wielding a +0 club.
The gnoll barely misses you. The gnoll misses you.
A gnoll comes into view. It is wielding a +0 whip.
The wight hits you from afar with a +3 trident.
You feel drained. The wight closely misses you.
You hit the cyclops.
The cyclops is severely wounded.
You hit the gnoll. Lightning courses through the gnoll!
You kill the gnoll!
You hit the gnoll but do no damage. x2; The gnoll barely misses you.
The wight barely misses you. The gnoll misses you.
You hit the cyclops.
The cyclops is almost dead.
You hit the gnoll but do no damage. You hit the gnoll.
The wight closely misses you. The gnoll closely misses you.
The cyclops hits you!
* * * LOW HITPOINT WARNING * * *
The wight misses you. The gnoll hits you but does no damage.
As you read the scroll of teleportation, it crumbles to dust.
You feel strangely unstable. Something hits you but does no damage.
The wight barely misses you. The gnoll hits you with a +0 club.
* * * LOW HITPOINT WARNING * * *
The wight hits you from afar with a +3 trident!
* * * LOW HITPOINT WARNING * * *
The cyclops hits you!
You die...

........##...# ..##
............###......#.#
...........# #.........#
...........###.......#.#
.......................#∆.......
.......................# .......
......###........$..#..# ...#..#
.......##.......g{.(.))##.....#
....#..#.......g@Cg....##....#
....#............#zg))†##...#
....#############zgg..).)..# #
...####### #g..)...)).# ..
#....8.#.#. ###g.......###.#
##......... ##...........#.
.#)........ ##..<...........
.†[..8.#.# ##...............
.)).†### # #..#.............


You could see a cyclops, a gnoll sergeant, 2 wights and 6 gnolls.

Vanquished Creatures
  Maggie (D:8)
  The ghost of safid the Skirmisher, an amateur HOFi (D:3)
  5 yaks (D:7)
  2 water moccasins
  An orc warrior (D:6)
  A hornet zombie (D:5)
  3 ice beasts
  4 black bears
  2 ogres
  2 necrophages
  A centaur (D:5)
  A wolf (D:8)
  A phantom (D:7)
  3 bullfrogs
  2 gnoll sergeants (D:8)
  4 scorpions
  A water moccasin zombie (D:7)
  4 wights
  4 howler monkeys
  A centaur zombie (D:7)
  9 hounds
  2 jellies
  3 orc priests
  2 gnoll shamans
  2 bullfrog skeletons (D:6)
  Natasha (thrice) (D:2)
  3 orc wizards
  13 iguanas
  Terence (D:2)
  A hound zombie (D:5)
  A mummy (D:6)
  8 adders
  6 gnolls
  A howler monkey skeleton (D:7)
  A shadow imp (D:6)
  2 white imps
  A worm (D:3)
  A dart slug (D:1)
  12 orcs
  4 bats
  An endoplasm (D:1)
  4 giant cockroaches
  3 goblins
  4 hobgoblins
  5 quokkas
  8 ball pythons
  7 frilled lizards
  7 kobolds
  A quokka skeleton (D:4)
  7 rats
167 creatures vanquished.

Vanquished Creatures (others)
  A human (D:5)
  8 fungi
  5 plants (D:7)
14 creatures vanquished.

Grand Total: 181 creatures vanquished

Notes
Turn   | Place    | Note
-------+----------+-------------------------------------------
     0 | D:1      | jlumianski the Gnoll Monk began the quest for the Orb.
     0 | D:1      | Reached XP level 1. HP: 23/23 MP: 1/1
   129 | D:1      | Reached XP level 2. HP: 18/29 MP: 2/2
   603 | D:2      | Noticed Terence
   649 | D:1      | Reached XP level 3. HP: 24/35 MP: 3/3
   792 | D:2      | Killed Terence
   793 | D:2      | Reached skill level 1 in Invocations
  1017 | D:2      | Noticed Natasha
  1031 | D:2      | Killed Natasha
  1032 | D:2      | Reached skill level 1 in Short Blades
  1032 | D:2      | Reached skill level 1 in Long Blades
  1032 | D:2      | Reached skill level 1 in Maces & Flails
  1032 | D:2      | Reached skill level 1 in Polearms
  1032 | D:2      | Reached skill level 1 in Staves
  1032 | D:2      | Reached skill level 1 in Slings
  1032 | D:2      | Reached skill level 1 in Bows
  1032 | D:2      | Reached skill level 1 in Crossbows
  1032 | D:2      | Reached skill level 1 in Throwing
  1032 | D:2      | Reached skill level 1 in Armour
  1032 | D:2      | Reached skill level 1 in Shields
  1032 | D:2      | Reached skill level 1 in Unarmed Combat
  1032 | D:2      | Reached skill level 1 in Spellcasting
  1032 | D:2      | Reached skill level 1 in Evocations
  1032 | D:2      | Reached XP level 4. HP: 41/41 MP: 5/5
  1134 | D:2      | Noticed Natasha
  1144 | D:2      | Killed Natasha
  1145 | D:2      | Reached skill level 1 in Conjurations
  1145 | D:2      | Reached skill level 1 in Hexes
  1145 | D:2      | Reached skill level 1 in Summonings
  1145 | D:2      | Reached skill level 1 in Necromancy
  1145 | D:2      | Reached skill level 1 in Translocations
  1145 | D:2      | Reached skill level 1 in Transmutations
  1145 | D:2      | Reached skill level 1 in Fire Magic
  1145 | D:2      | Reached skill level 1 in Ice Magic
  1145 | D:2      | Reached skill level 1 in Air Magic
  1145 | D:2      | Reached skill level 1 in Earth Magic
  1145 | D:2      | Reached skill level 1 in Poison Magic
  1804 | D:2      | Noticed Natasha
  1813 | D:2      | Killed Natasha
  1814 | D:2      | Reached XP level 5. HP: 42/47 MP: 5/7
  2921 | D:3      | Found a hide-covered altar of Uskayaw.
  2926 | D:3      | Became a worshipper of Uskayaw the Reveller
  2926 | D:3      | Reached * piety under Uskayaw
  2962 | D:3      | Found a transporter.
  2963 | D:3      | Noticed safid's ghost (amateur HOFi)
  2964 | D:3      | Identified the +4 dire flail of Midnight {drain, rC++}
  2964 | D:3      | Noticed an ogre
  2968 | D:3      | Noticed an ogre
  2971 | D:3      | Found a transporter.
  3187 | D:3      | Reached ** piety under Uskayaw
  3188 | D:3      | Killed an ogre
  3189 | D:3      | Reached XP level 6. HP: 53/53 MP: 8/8
  3518 | D:3      | Killed safid's ghost
  3519 | D:3      | Reached XP level 7. HP: 27/60 MP: 6/10
  3701 | D:4      | Found a hazy altar of Hepliaklqana.
  3953 | D:4      | Reached skill level 5 in Stealth
  4003 | D:4      | Found a basalt altar of Yredelemnul.
  4493 | D:5      | Entered Level 5 of the Dungeon
  4505 | D:4      | Reached XP level 8. HP: 33/67 MP: 12/12
  4937 | D:5      | Found an ornate altar of the Wu Jian Council.
  5033 | D:5      | Found a staircase to the Ecumenical Temple.
  5207 | D:5      | Reached *** piety under Uskayaw
  5647 | D:5      | Found a shimmering blue altar of Sif Muna.
  6004 | D:5      | Found an ancient bone altar of Kikubaaqudgha.
  6211 | D:6      | Reached XP level 9. HP: 38/73 MP: 10/14
  6640 | D:6      | Reached **** piety under Uskayaw
  6849 | D:6      | Found a snail-covered altar of Cheibriados.
  7329 | D:7      | Learned a level 1 spell: Pain
  7412 | D:7      | Noticed a komodo dragon
  7418 | D:7      | Reached skill level 5 in Invocations
  7569 | D:7      | Reached XP level 10. HP: 58/80 MP: 9/17
  7701 | D:7      | Reached skill level 5 in Short Blades
  7701 | D:7      | Reached skill level 5 in Long Blades
  7701 | D:7      | Reached skill level 5 in Maces & Flails
  7701 | D:7      | Reached skill level 5 in Polearms
  7701 | D:7      | Reached skill level 5 in Staves
  7701 | D:7      | Reached skill level 5 in Slings
  7701 | D:7      | Reached skill level 5 in Bows
  7701 | D:7      | Reached skill level 5 in Crossbows
  7701 | D:7      | Reached skill level 5 in Throwing
  7701 | D:7      | Reached skill level 5 in Armour
  7701 | D:7      | Reached skill level 5 in Shields
  7701 | D:7      | Reached skill level 5 in Unarmed Combat
  7701 | D:7      | Reached skill level 5 in Spellcasting
  7701 | D:7      | Reached skill level 5 in Evocations
  7745 | D:8      | Noticed Maggie
  7765 | D:8      | Killed Maggie
  7793 | D:8      | Noticed a cyclops
  7845 | D:8      | Reached ***** piety under Uskayaw
  7945 | D:8      | Reached ****** piety under Uskayaw
  7963 | D:8      | Slain by a cyclops

Illustrated notes

Levels and vault maps discovered:
D:1:      grunt_arrival_crossed_arrows, layout_loops_ring
D:2:      layout_basic, uniq_natasha, uniq_terence
D:3:      layout_loops_corners, overflow_temple_1_default,
          gammafunk_ghost_smash, chequers_serial_rivers_room_a
D:4:      layout_cave_pods, mainiacjoe_overflow_concentric_impassable,
          mainiacjoe_overflow_cross_hatched, minmay_misc_feat_tower
D:5:      wad_river_or_something, layout_basic, kennysheep_mini_moat,
          nzn_wu_jian_contemplation, tgw_kikubaaqudgha,
          minmay_temple_entry_glass, serial_aquarium, aquarium_bridge_square
          [aquarium_subvault_bridge, aquarium_subvault_window,
          aquarium_subvault_bridge, aquarium_subvault_bridge],
          aquarium_window_fake, aquarium_window_fake, aquarium_view_2a,
          aquarium_balcony_double_4
D:6:      layout_cave_pods, slow_altar_1
D:7:      layout_rooms, minmay_lizard_king
D:8:      layout_cave_pools, minitemple, serial_gnoll_camp,
          gnoll_camp_mini_house, gnoll_camp_huts_basic, gnoll_camp_mini_hut,
          gnoll_camp_mini_shop, kennysheep_pointless_box,
          kennysheep_cluttered_room, minmay_manual_monolith, uniq_maggie

Skill      XL: |  1  2  3  4  5  6  7  8  9 10 |
---------------+-------------------------------+-----
Invocations    | 1 2 3 4 5 |  5.9
Short Blades   | 1 2 3 4 5 |  5.4
Long Blades    | 1 2 3 4 5 |  5.4
Maces & Flails | 1 2 3 4 5 |  5.4
Polearms       | 1 2 3 4 5 |  5.4
Staves         | 1 2 3 4 5 |  5.4
Slings         | 1 2 3 4 5 |  5.4
Bows           | 1 2 3 4 5 |  5.4
Crossbows      | 1 2 3 4 5 |  5.4
Throwing       | 1 2 3 4 5 |  5.4
Armour         | 1 2 3 4 5 |  5.4
Shields        | 1 2 3 4 5 |  5.4
Unarmed Combat | 1 2 3 4 5 |  5.4
Spellcasting   | 1 2 3 4 5 |  5.4
Evocations     | 1 2 3 4 5 |  5.4
Conjurations   | 1 2 3 4 |  4.4
Hexes          | 1 2 3 4 |  4.4
Summonings     | 1 2 3 4 |  4.4
Necromancy     | 1 2 3 4 |  4.4
Translocations | 1 2 3 4 |  4.4
Transmutations | 1 2 3 4 |  4.4
Fire Magic     | 1 2 3 4 |  4.4
Ice Magic      | 1 2 3 4 |  4.4
Air Magic      | 1 2 3 4 |  4.4
Earth Magic    | 1 2 3 4 |  4.4
Poison Magic   | 1 2 3 4 |  4.4
Fighting       | 7 8 |  8.6
Axes           | 7 8 |  8.6
Dodging        | 7 8 |  8.6
Stealth        | 5 6 |  6.9

Action                   |  1- 3 |  4- 6 |  7- 9 | 10-12 || total
-------------------------+-------+-------+-------+-------++-------
Melee: Hand axe          |    55 |    97 |   311 |   106 ||   569
       Bite              |     4 |    13 |    45 |    19 ||    81
       Unarmed           |     6 |       |       |       ||     6
       Dire flail        |       |     3 |       |       ||     3
       Punch             |       |       |     2 |       ||     2
Throw: Dart              |       |       |    20 |       ||    20
Invok: Stomp             |       |     1 |     4 |     1 ||     6
       Line Pass         |       |       |     2 |     1 ||     3
Evoke: Wand              |       |     1 |       |       ||     1
  Use: Scroll            |     1 |     8 |     8 |     1 ||    18
       Potion            |       |     1 |     4 |       ||     5
 Stab: Sleeping          |     2 |     3 |    10 |       ||    15
       Paralysed         |       |       |     9 |    12 ||    21
       Confused          |       |       |     2 |       ||     2
       Distracted        |       |       |     1 |       ||     1
Armor: Robe              |     2 |       |       |       ||     2
       Ring mail         |     5 |       |       |       ||     5
       Scale mail        |     1 |    38 |    81 |    58 ||   178
Dodge: Dodged            |    42 |    43 |   175 |   110 ||   370
